Map: Triton LE

Players

FireZerg

  • Race: Zerg Zerg
  • League: Grandmaster
  • Spawn Location: 11:00

BewwyCwuncH - Winner!

  • Race: Terran Terran
  • League: Master
  • Spawn Location: 5:00

VOD

Have the link to the VOD?

Description

Time

  • Played on: Jan. 9, 2020, 12:25 a.m.
  • Length: 33:03
Show
View Real Time Build Order
Export as new Build Order

FireZerg Zerg 

Build Orders: Hatch First 

Get SALT Encoding   

  12  0:00  Drone  
  13  0:12  Overlord  
  13  0:17  Drone  
  14  0:31  Drone x2  
  14  0:35  Drone  
  17  0:51  Hatchery  
  17  0:55  Drone  
  17  0:57  Drone  
  18  1:04  Extractor  
  17  1:14  Spawning Pool  
  17  1:15  Drone  
  17  1:19  Drone  
  18  1:27  Drone  
  19  1:38  Drone  
  20  1:49  Overlord  
  20  2:00  Queen  
  22  2:03  Queen  
  22  2:04  Metabolic Boost  
  22  2:06  Zergling x4  
  26  2:11  Zergling x2  
  26  2:14  Drone  
  28  2:21  Drone  
  29  2:25  Drone  
  30  2:39  Queen  
  30  2:42  Pneumatized Carapace  
  32  2:44  Overlord  
  32  2:45  Drone x2  
  32  2:50  Drone  
  35  3:00  Drone  
  35  3:02  Overlord  
  36  3:11  Drone  
  36  3:12  Drone x4  
  41  3:26  Hatchery  
  39  3:29  Queen  
  41  3:35  Queen  
  41  3:41  Overlord  
  43  3:43  Drone x4  
  43  3:45  Drone  
  48  3:51  Drone x2  
  48  3:52  Drone  
  51  3:58  Overlord  
  51  4:01  Overlord  
  51  4:04  Roach Warren  
  50  4:15  Lair  
  50  4:16  Queen  
  52  4:25  Zergling x10  
  52  4:27  Drone x3  
  60  4:42  Drone x5  
  65  4:54  Queen  
  65  4:57  Queen  
  69  5:00  Extractor  
  69  5:01  Extractor x2  
  69  5:02  Spore Crawler  
  69  5:03  Spore Crawler x2  
  69  5:04  Drone x6  
  69  5:06  Drone  
  70  5:08  Spore Crawler  
  70  5:13  Overlord  
  69  5:14  Overlord  
  69  5:16  Glial Reconstitution  
  69  5:23  Evolution Chamber  
  68  5:30  Queen  
  70  5:38  Drone x13  
  77  5:50  Zerg Missile Weapons Level 1  
  67  5:58  Drone x4  
  67  5:59  Spire, Drone x2  
  70  6:05  Drone x3  
  70  6:06  Drone  
  70  6:07  Drone  
  75  6:15  Drone x5  
  82  6:18  Roach x2  
  82  6:20  Extractor  
  82  6:21  Extractor  
  82  6:22  Roach  
  82  6:24  Roach  
  82  6:25  Roach  
  88  6:30  Drone  
  88  6:31  Roach x3  
  95  6:37  Roach  
  97  6:41  Overlord x3  
  97  6:43  Overseer  
  97  6:48  Overlord  
  97  6:49  Overlord x3  
  97  7:13  Corruptor x6  
  109  7:20  Corruptor  
  111  7:26  Roach  
  111  7:27  Roach x4  
  121  7:33  Roach x4  
  129  7:39  Corruptor, Drone  
  129  7:41  Zergling x4  
  129  7:42  Zergling x4  
  136  7:51  Roach x7  
  150  7:57  Corruptor  
  152  7:59  Zergling x4  
  154  8:12  Overlord x5  
  153  8:33  Infestation Pit  
  150  8:35  Zerg Missile Weapons Level 2  
  150  8:36  Zerg Flyer Weapons Level 1  
  150  8:42  Ravager  
  150  8:43  Ravager  
  150  8:44  Ravager  
  150  8:45  Ravager  
  150  8:46  Drone x4  
  150  8:47  Drone x10  
  168  8:50  Hatchery  
  168  8:51  Spine Crawler x2  
  165  9:07  Roach x9  
  183  9:10  Extractor  
  183  9:11  Extractor  
  181  9:18  Hive  
  181  9:21  Drone x2  
  181  9:22  Drone x3  
  185  9:42  Spine Crawler  
  185  9:43  Spine Crawler  
  185  9:45  Hatchery  
  182  9:51  Hatchery  
  182  9:52  Drone  
  182  9:53  Drone  
  182  9:58  Spore Crawler  
  182  10:22  Spire, Drone x3  
  182  10:23  Drone, Evolution Chamber  
  182  10:25  Evolution Chamber  
  183  10:34  Baneling Nest  
  182  10:47  Greater Spire  
  182  10:49  Zerg Ground Armor Level 1  
  182  10:51  Zerg Melee Weapons Level 1  
  182  10:52  Adrenal Glands  
  182  10:54  Tunneling Claws  
  182  10:55  Burrow  
  182  10:56  Zerg Missile Weapons Level 3  
  182  11:04  Viper x3  
  182  11:05  Viper  
  182  11:06  Extractor  
  182  11:08  Pathogen Glands  
  182  11:10  Extractor  
  192  11:25  Zergling x16  
  178  11:51  Centrifical Hooks  
  178  11:56  Overseer x3  
  178  12:00  Overseer x3  
  178  12:08  Roach x25  
  172  12:24  Zerg Flyer Weapons Level 2, Zerg Flyer Armor Level 1  
  126  12:39  Roach  
  126  12:42  Brood Lord x7  
  138  12:46  Roach  
  138  12:47  Roach x6  
  138  12:48  Zergling x34  
  138  12:49  Zergling x56  
  197  12:57  Drone  
  197  12:58  Drone x2  
  200  13:07  Baneling x3  
  200  13:08  Baneling x15  
  177  13:32  Roach x16  
  189  13:44  Infestor x3  
  165  14:06  Zergling x24  
  165  14:07  Zergling x6  
  157  14:14  Zergling x4  
  157  14:15  Zergling x10  
  162  14:20  Spine Crawler  
  159  14:32  Drone x6  
  159  14:33  Spore Crawler  
  148  14:51  Infestor x5  
  156  14:54  Viper  
  156  14:55  Roach  
  152  15:20  Drone x7  
  152  15:21  Drone x6  
  157  15:25  Viper  
  158  15:28  Viper  
  161  15:38  Drone x2  
  163  15:52  Zerg Melee Weapons Level 2  
  163  15:53  Zerg Ground Armor Level 2  
  163  16:00  Viper x2  
  163  16:02  Hatchery  
  161  16:13  Drone x3  
  148  16:38  Drone x3  
  137  16:41  Drone x2  
  137  16:45  Drone  
  135  16:49  Drone x7  
  135  16:53  Corruptor x2  
  145  16:58  Drone x2  
  145  17:00  Drone  
  145  17:04  Drone x2  
  147  17:12  Drone x3  
  150  17:18  Corruptor x3  
  156  17:30  Spine Crawler  
  156  17:31  Drone x6  
  156  17:35  Spine Crawler  
  160  17:38  Spine Crawler  
  160  17:41  Drone  
  160  17:43  Drone x2  
  162  17:45  Drone  
  162  17:46  Drone  
  164  17:55  Brood Lord x2  
  166  18:04  Neural Parasite  
  166  18:12  Zerg Melee Weapons Level 3  
  166  18:15  Zerg Ground Armor Level 3  
  166  18:17  Drone  
  166  18:19  Drone x2  
  169  18:20  Drone  
  169  18:21  Drone  
  169  18:26  Brood Lord  
  173  18:29  Zergling x2  
  174  18:36  Drone  
  175  18:44  Drone x3  
  175  18:46  Drone x3  
  181  18:48  Spine Crawler x2  
  181  18:49  Spore Crawler  
  181  18:51  Spore Crawler  
  181  18:53  Drone x7  
  184  18:56  Brood Lord  
  184  19:00  Brood Lord  
  188  19:11  Zergling x2  
  188  19:12  Zergling x16  
  197  19:22  Unknown  
  197  19:24  Corruptor, Extractor  
  196  19:27  Zerg Flyer Weapons Level 3, Zerg Flyer Armor Level 2  
  198  19:41  Drone  
  198  19:44  Spore Crawler, Spine Crawler  
  197  19:46  Spore Crawler  
  196  20:02  Spore Crawler  
  196  20:03  Spore Crawler, Spine Crawler  
  196  20:04  Extractor, Drone x3  
  196  20:05  Spore Crawler, Extractor, Drone x3  
  196  20:15  Corruptor  
  196  20:16  Spore Crawler  
  196  20:18  Spore Crawler  
  196  20:19  Spore Crawler  
  195  20:26  Spore Crawler x2  
  193  20:31  Ravager x6  
  193  20:32  Spore Crawler  
  193  20:35  Baneling x10  
  198  20:36  Baneling x8  
  198  20:51  Spore Crawler  
  198  20:53  Brood Lord  
  186  21:33  Spore Crawler  
  186  21:34  Spore Crawler  
  125  21:48  Corruptor x7  
  125  21:49  Corruptor x11  
  125  21:53  Brood Lord  
  163  22:01  Viper  
  163  22:04  Zergling x10  
  171  22:29  Brood Lord x3  
  136  22:56  Brood Lord x2  
  136  22:57  Brood Lord x2  
  140  22:59  Zergling x20  
  140  23:00  Zergling x14  
  147  23:10  Zergling x2  
  147  23:11  Zergling x6  
  131  23:17  Hatchery  
  129  23:25  Drone x5  
  127  23:30  Brood Lord  
  127  23:31  Brood Lord  
  127  23:33  Zergling x10  
  126  23:49  Corruptor  
  100  24:20  Zergling x14  
  100  24:21  Zergling x10  
  103  24:26  Brood Lord  
  103  24:30  Hatchery  
  104  24:42  Drone  
  104  24:45  Drone  
  106  24:46  Drone  
  107  24:58  Drone x2  
  109  25:02  Drone  
  111  25:07  Drone  
  111  25:16  Brood Lord  
  113  25:22  Drone x3  
  116  25:40  Drone x3  
  116  25:42  Drone  
  104  25:59  Queen x3  
  109  26:15  Drone x3  
  109  26:16  Drone x3  
  115  26:18  Corruptor  
  117  26:28  Zergling x22  
  117  26:31  Extractor, Drone  
  117  26:32  Drone x2  
  130  26:33  Drone  
  131  26:57  Hatchery  
  130  27:04  Brood Lord  
  132  27:09  Hatchery  
  131  27:16  Brood Lord  
  133  27:23  Brood Lord  
  133  27:29  Queen x2  
  135  27:30  Queen x3  
  145  27:39  Brood Lord  
  147  27:46  Overlord x3  
  147  27:49  Corruptor  
  149  28:09  Brood Lord  
  151  28:16  Brood Lord  
  152  28:25  Drone x3  
  155  28:36  Extractor  
  155  28:38  Extractor  
  155  28:39  Extractor  
  150  28:42  Brood Lord  
  152  28:50  Extractor  
  152  28:52  Drone  
  152  28:54  Drone x6  
  152  28:55  Drone x4  
  162  29:02  Drone x8  
  164  29:10  Brood Lord  
  164  29:15  Brood Lord  
  165  29:33  Corruptor x2  
  165  29:34  Corruptor  
  153  30:05  Queen x3  
  153  30:06  Queen  
  155  30:12  Corruptor x5  
  161  30:25  Brood Lord  
  163  30:28  Zergling x4  
  163  30:29  Zergling x28  
  179  30:52  Drone  
  182  30:57  Brood Lord x4  
  113  31:44  Brood Lord x3  
  119  31:47  Roach x10  
  119  31:48  Zergling x2, Roach x4  
  119  31:49  Zergling x12  
  154  31:57  Queen x5  
  154  31:58  Queen  
  140  32:19  Roach x11  
  140  32:20  Roach x3  
  115  32:31  Roach x8  
Show
View Real Time Build Order
Export as new Build Order

BewwyCwuncH Terran - Winner!

Build Orders: Hellion Opening, Reaper Expand, Mech 

Get SALT Encoding   

  12  0:00  SCV  
  13  0:13  SCV  
  14  0:17  Supply Depot  
  14  0:25  SCV  
  15  0:36  Refinery  
  15  0:38  SCV  
  16  0:43  Barracks  
  16  0:51  SCV  
  17  1:03  SCV  
  18  1:15  SCV  
  19  1:32  Reaper  
  21  1:33  Orbital Command  
  20  1:44  Command Center  
  20  1:57  Factory  
  20  2:01  SCV  
  21  2:13  SCV  
  21  2:14  Barracks Reactor  
  22  2:19  Supply Depot  
  22  2:20  Refinery  
  22  2:25  SCV  
  23  2:41  SCV  
  24  2:53  SCV  
  24  2:54  Starport  
  24  2:55  Hellion x2  
  29  3:02  Orbital Command  
  29  3:05  Marine, SCV  
  31  3:17  SCV, Hellion  
  31  3:18  Hellion  
  36  3:25  Barracks Tech Lab  
  35  3:29  SCV  
  35  3:31  Fusion Core  
  36  3:38  Hellion  
  36  3:40  Hellion  
  40  3:42  SCV  
  40  3:43  SCV  
  42  3:49  Supply Depot  
  42  3:55  SCV x2  
  44  4:10  SCV  
  44  4:11  SCV  
  44  4:13  Supply Depot  
  46  4:19  Battlecruiser  
  46  4:21  Hellion  
  54  4:35  SCV x2  
  54  4:36  Supply Depot  
  58  4:43  Hellion, Command Center  
  58  4:45  Hellion  
  60  4:47  SCV x2  
  60  4:49  Armory  
  62  4:59  SCV x2  
  64  5:03  Refinery x2  
  64  5:04  Hellion  
  64  5:06  Hellion  
  68  5:11  SCV  
  68  5:13  SCV  
  70  5:44  Factory  
  70  5:50  SCV x2  
  70  5:51  Battlecruiser  
  64  5:58  Orbital Command  
  64  6:00  Hellion x2  
  64  6:01  Barracks Tech Lab  
  64  6:02  SCV x2  
  60  6:06  Factory  
  60  6:14  SCV x2  
  62  6:19  Command Center  
  62  6:24  Hellion x2  
  67  6:27  SCV x2, Orbital Command  
  68  6:33  Barracks Reactor, Engineering Bay  
  68  6:35  Supply Depot  
  68  6:39  Terran Vehicle And Ship Armor Level 1  
  68  6:43  SCV, Armory  
  68  6:45  Hellion x2  
  68  6:46  Thor  
  79  6:50  SCV  
  79  6:53  SCV  
  81  6:55  SCV, Refinery x2  
  84  7:01  Hellion  
  84  7:03  SCV  
  84  7:04  Starport Reactor  
  84  7:07  Hellion  
  87  7:12  Hellion  
  87  7:14  SCV x2  
  87  7:15  SCV  
  92  7:24  Liberator  
  92  7:26  Siege Tank  
  92  7:29  Factory  
  91  7:30  SCV x2  
  91  7:31  SCV, Siege Tank  
  91  7:33  Factory, Hellion  
  91  7:34  Barracks Tech Lab  
  91  7:38  Terran Vehicle Weapons Level 1  
  91  7:40  Hellion  
  91  7:42  SCV x2  
  91  7:43  SCV  
  99  7:44  Supply Depot  
  99  7:47  Supply Depot  
  99  7:49  Supply Depot  
  99  7:54  SCV x2  
  99  7:55  SCV  
  102  8:02  Supply Depot, Orbital Command  
  102  8:05  Supply Depot  
  102  8:06  SCV x2  
  92  8:16  Thor x2  
  92  8:19  Orbital Command  
  100  8:20  Hellion  
  100  8:21  Hellion  
  98  8:28  Thor  
  98  8:29  Missile Turret, Hellion x2  
  104  8:43  Terran Vehicle And Ship Armor Level 2  
  104  8:46  Hellion x2  
  104  8:47  Infernal Pre-Igniter  
  108  8:51  Hellion  
  108  8:52  SCV x3  
  113  9:08  SCV x2  
  115  9:11  Thor  
  120  9:17  SCV  
  120  9:19  Siege Tank  
  120  9:20  SCV  
  125  9:34  Missile Turret  
  125  9:48  Terran Vehicle Weapons Level 2  
  125  9:51  SCV x2, Hellion x4, Siege Tank  
  139  9:53  Orbital Command  
  139  9:55  Refinery  
  139  9:58  Refinery  
  138  10:04  SCV x2  
  140  10:16  SCV  
  141  10:25  Supply Depot  
  141  10:26  Supply Depot  
  141  10:27  Supply Depot, Missile Turret, Hellion x4  
  141  10:31  Hellion x10, Command Center  
  141  10:38  SCV x3, Hellion x2  
  148  10:46  Siege Tank x2  
  148  10:47  Supply Depot, Hellion, Siege Tank  
  148  10:48  Supply Depot  
  159  10:50  SCV x2  
  161  10:57  Missile Turret  
  157  11:21  Thor x3  
  157  11:22  Hellion  
  157  11:23  Hellion x3  
  177  11:39  SCV  
  153  11:40  SCV  
  153  11:47  Missile Turret  
  153  11:49  Missile Turret  
  153  11:52  Missile Turret  
  151  12:04  Siege Tank x3  
  151  12:05  Hellion x2  
  161  12:16  Refinery  
  161  12:19  Refinery, Hellion x2  
  161  12:22  Terran Vehicle Weapons Level 3  
  165  12:23  Terran Vehicle And Ship Armor Level 3  
  155  12:36  Siege Tank x3  
  153  12:41  Hellion x3  
  153  12:42  Hellion  
  161  12:45  Missile Turret  
  161  12:48  SCV  
  161  12:49  SCV x2  
  164  12:53  Planetary Fortress  
  164  13:00  Missile Turret  
  164  13:01  SCV, Missile Turret  
  164  13:02  Missile Turret  
  165  13:08  Siege Tank  
  168  13:13  Command Center  
  168  13:26  SCV  
  160  13:31  Siege Tank  
  160  13:32  Hellion x2, Siege Tank  
  167  13:40  Siege Tank  
  170  13:45  Hellion x2  
  174  13:55  Liberator x2  
  136  14:03  Hellion x2  
  136  14:06  Hellion  
  99  14:31  Thor x3  
  99  14:32  Hellion x3  
  99  14:33  Hellion  
  92  14:54  SCV  
  90  15:03  Refinery  
  90  15:05  SCV  
  91  15:13  SCV  
  92  15:14  Thor  
  92  15:16  Refinery  
  92  15:17  SCV  
  91  15:34  Thor  
  97  15:47  Planetary Fortress  
  95  16:16  Thor  
  95  16:17  Thor  
  99  16:32  Thor  
  102  16:33  Liberator  
  102  16:39  Hellion x2, Liberator  
  106  16:40  SCV x2  
  106  16:42  SCV  
  104  17:07  SCV x2  
  106  17:09  Hellion  
  106  17:15  Liberator  
  106  17:17  Command Center  
  106  17:20  SCV x3  
  109  17:26  Terran Ship Weapons Level 1, Liberator  
  109  17:35  Hellion x2  
  119  17:49  SCV x3  
  122  17:54  Hellion  
  122  17:55  Hellion  
  122  17:58  Liberator  
  122  18:01  SCV  
  122  18:02  Thor  
  129  18:09  Hellion, Liberator  
  131  18:19  SCV  
  134  18:36  SCV x3  
  137  18:47  Sensor Tower  
  137  18:48  SCV, Liberator  
  138  18:51  Missile Turret  
  138  18:52  Hellion x2  
  138  18:54  Missile Turret  
  142  18:57  Planetary Fortress  
  145  19:11  SCV, Sensor Tower  
  145  19:12  SCV  
  147  19:17  SCV  
  147  19:19  Siege Tank  
  147  19:23  SCV, Siege Tank  
  155  19:25  Liberator  
  155  19:37  Command Center  
  155  19:38  Liberator  
  155  19:39  Hellion  
  155  19:44  SCV  
  161  19:48  Siege Tank  
  161  19:52  Siege Tank  
  170  20:01  Advanced Ballistics  
  170  20:11  Siege Tank  
  170  20:12  Hellion x2  
  179  20:14  Hellion  
  179  20:20  Terran Ship Weapons Level 2  
  179  20:30  Missile Turret x2  
  179  20:33  Missile Turret  
  179  20:38  Siege Tank  
  182  20:46  SCV  
  182  20:47  SCV x2  
  185  20:51  Refinery  
  185  20:52  SCV  
  185  20:54  Refinery  
  186  20:58  Missile Turret  
  186  20:59  SCV  
  186  21:01  Missile Turret  
  187  21:08  Siege Tank  
  187  21:09  Siege Tank  
  193  21:12  Thor x6  
  193  21:30  Liberator x2  
  162  21:48  Thor  
  162  21:49  Thor x2  
  186  22:01  Hellion  
  186  22:02  Hellion x2  
  186  22:05  SCV  
  193  22:08  Planetary Fortress  
  193  22:11  SCV  
  194  22:19  SCV x2  
  196  22:31  Hellion x2  
  144  22:55  Thor x3  
  144  22:56  Hellion  
  144  22:57  Hellion  
  166  23:00  Liberator x2  
  166  23:03  Thor x3  
  136  23:39  Hellion x5  
  136  23:40  Command Center  
  146  23:43  Liberator x2  
  133  24:05  Thor  
  133  24:07  SCV x2  
  114  24:23  SCV x2  
  114  24:24  SCV  
  108  24:26  Liberator x2  
  108  24:34  SCV  
  108  24:35  SCV  
  108  24:37  Hellion x4  
  108  24:38  Hellion x2  
  110  24:44  Missile Turret  
  116  24:51  Thor  
  122  25:01  Thor  
  128  25:08  Hellion x2  
  128  25:10  Liberator  
  128  25:12  Liberator  
  132  25:20  Thor  
  140  25:21  Hellion  
  143  25:35  Hellion x5  
  144  25:50  Thor  
  144  25:52  Thor  
  144  25:54  Missile Turret  
  144  25:56  SCV x2, Missile Turret  
  156  26:14  Planetary Fortress  
  156  26:16  Sensor Tower  
  156  26:22  Thor  
  156  26:23  Hellion  
  164  26:27  Liberator  
  164  26:29  Refinery  
  164  26:30  Thor  
  164  26:31  Liberator  
  164  26:32  Refinery  
  164  26:39  Siege Tank  
  169  26:40  Hellion  
  175  26:58  SCV  
  175  26:59  SCV x3  
  179  27:02  SCV  
  180  27:17  Thor x2  
  192  27:26  Thor  
  198  27:33  Hellion  
  200  27:42  Sensor Tower  
  198  27:45  Hellion  
  196  27:58  Hellion  
  196  27:59  Hellion x2, Mag-Field Accelerator  
  200  28:06  Hellion  
  186  29:17  Cyclone x3  
  186  29:19  Hellion  
  195  29:25  Factory  
  195  29:27  Factory x2, Command Center  
  195  29:28  Liberator x2  
  195  29:31  Hellion x3  
  187  29:49  Thor x2, Cyclone  
  194  29:55  Hellion x2  
  159  30:10  Liberator  
  159  30:14  Hellion x2  
  130  30:16  Factory Tech Lab  
  130  30:21  Thor, Factory Tech Lab, Factory Reactor  
  136  30:32  Thor x2  
  148  30:35  Thor  
  151  30:46  Thor  
  151  30:48  Hellion x3  
  151  30:49  Hellion  
  165  30:51  Liberator  
  165  30:53  Liberator  
  134  31:30  Thor  
  134  31:31  Thor x2  
  142  31:39  Liberator  
  142  31:40  Liberator  
  140  31:47  Thor  
  150  32:15  Thor  
  144  32:21  Siege Tank  
  141  32:27  Siege Tank  
  141  32:29  Hellion  
  113  32:42  Hellion  
  113  32:43  SCV  
  124  33:03  Refinery  
Tags
 
Add a new tag
Caveats
  • Supply blocks, unpowered buildings, or Contaminate may cause inaccurate times.
  • Supply counts are checked every 10 seconds.